 Dungeon Crawl Stone Soup version 0.21.1-1-g345015f (webtiles) character file.

447 Mirai the Sneak (level 7, -5/36 HPs)
             Began as a Kobold Enchanter on Apr 24, 2018.
             Shot with a stone by a goblin (6 damage)
             ... led by Robin
             ... on level 3 of the Dungeon.
             The game lasted 00:07:57 (3471 turns).

Mirai the Sneak (Kobold Enchanter)                  Turns: 3471, Time: 00:07:58

Health: -5/36      AC:  4    Str:  6    XL:     7   Next: 24%
Magic:  12/12      EV: 21    Int: 16    God:
Gold:   150        SH:  0    Dex: 17    Spells: 10/13 levels left

rFire    . . .     SeeInvis .   a - +1 dagger
rCold    . . .     Gourm    .   (shield restricted)
rNeg     . . .     Faith    .   b - +0 robe
rPois    .         Spirit   .   n - +2 hat
rElec    .         Reflect  .   (no cloak)
rCorr    .         Harm     .   (no gloves)
MR       .....                  (no boots)
Stlth    +++.......             t - amulet of magic regeneration
HPRegen  0.12/turn              k - +4 ring of evasion
MPRegen  0.38/turn              (no ring)

@: no status effects
A: small, carnivore
a: no special abilities


You were on level 3 of the Dungeon.
You were very full.

You visited 1 branch of the dungeon, and saw 3 of its levels.

You collected 150 gold pieces.

Inventory:

Hand Weapons
 a - a +1 dagger (weapon)
Armour
 b - a +0 robe (worn)
 n - a +2 hat (worn)
Jewellery
 k - a +4 ring of evasion (left hand)
 t - an amulet of magic regeneration (around neck)
Wands
 l - a wand of flame (18)
Scrolls
 e - 2 scrolls of enchant armour {unknown}
 f - a scroll of fog {unknown}
 g - 2 scrolls of remove curse {unknown}
 i - 5 scrolls of identify {unknown}
 j - 3 scrolls of magic mapping {unknown}
 m - a scroll of fear {unknown}
 p - 2 scrolls of teleportation {unknown}
 q - a scroll of amnesia {unknown}
 r - a scroll of immolation {unknown}
 u - a scroll of random uselessness {unknown}
Books
 c - a book of Maledictions

   Spells                             Type                      Level
   a - Corona                         Hexes                        1
   b - Ensorcelled Hibernation        Hexes/Ice                    2
   c - Confuse                        Hexes                        3
   d - Tukima's Dance                 Hexes                        3
   e - Dazzling Spray                 Conjuration/Hexes            3
Comestibles
 d - 6 rations
 h - 2 chunks of flesh


   Skills:
 + Level 4.0 Short Blades
 + Level 4.3 Dodging
 + Level 5.9 Stealth
 + Level 3.7 Spellcasting
 + Level 4.2 Hexes
 + Level 1.5 Ice Magic


You had 10 spell levels left.
You knew the following spells:

 Your Spells              Type           Power        Failure   Level  Hunger
a - Corona                Hex            ###....      3%          1    None
b - Ensorcelled Hibernat  Hex/Ice        ##....       9%          2    ##.....


Dungeon Overview and Level Annotations

Branches:
Dungeon (3/15)

Altars:
Gozag

Annotations:
D:3 Robin


Innate Abilities, Weirdness & Mutations

You are small and have problems with some larger weapons.
You are carnivorous and can eat meat at any time.


Message History

The goblin misses you.
Robin roars a battlecry!
The goblins go into a battle-frenzy!
The goblin misses you. Robin throws the goblin at you!
The goblin barely misses you.
You hit the goblin.
The goblin is heavily wounded.
The goblin completely misses you. The goblin hits you but does no damage.
The goblin hits you with a dagger.
* * * LOW HITPOINT WARNING * * *
You closely miss the goblin.
The goblin is heavily wounded.
The goblin hits you but does no damage. The goblin closely misses you.
The goblin hits you.
* * * LOW HITPOINT WARNING * * *
The goblin hits you with a dagger.
* * * LOW HITPOINT WARNING * * *
The goblin wields an uncursed hunting sling.
The goblin shoots a stone.
The stone hits you.
You die...

#....)'...#.##### #.....
##....#...#.# #....
#....#####.# #.#)# #....#
#.########.#(####
#....#####.##.......#)).!#
#...........#.......)g...#
##..........#......#.g...#
#..........#...g..#.g...#
#..........##.@g..##.####
#...........'.g..g').>#
#...........#...g.#####
#...........#######
#...).......#
#...........#
#...........#
#.##(######## #.


You could see Robin and 4 goblins.

Vanquished Creatures
  Sigmund (D:2)
  An ogre (D:2)
  The ghost of Tiareth the Magician, an amateur DEWr (D:3)
  Ijyb (D:3)
  4 adders
  An ooze (D:3)
  A worm (D:3)
  2 dart slugs (D:2)
  3 leopard geckos (D:1)
  4 ball pythons (D:2)
  10 hobgoblins
  2 jackals (D:1)
  A quokka (D:2)
  10 bats
  2 frilled lizards (D:1)
  7 goblins
  8 kobolds
  7 rats
66 creatures vanquished.

Vanquished Creatures (others)
  A frilled lizard (D:3)
1 creature vanquished.

Grand Total: 67 creatures vanquished

Notes
Turn   | Place    | Note
-------+----------+-------------------------------------------
     0 | D:1      | Mirai the Kobold Enchanter began the quest for the Orb.
     0 | D:1      | Reached XP level 1. HP: 10/10 MP: 3/3
   477 | D:1      | Reached XP level 2. HP: 15/15 MP: 5/5
   485 | D:1      | Learned a level 2 spell: Ensorcelled Hibernation
  1264 | D:1      | Reached XP level 3. HP: 14/19 MP: 6/6
  2158 | D:2      | Noticed Sigmund
  2212 | D:2      | Killed Sigmund
  2212 | D:2      | Reached skill level 5 in Stealth
  2212 | D:2      | Reached XP level 4. HP: 19/24 MP: 6/8
  2212 | D:2      | Reached XP level 5. HP: 22/28 MP: 6/9
  2212 | D:2      | Reached XP level 6. HP: 25/32 MP: 6/10
  2303 | D:2      | Noticed an ogre
  2311 | D:2      | Killed an ogre
  2787 | D:2      | Found an opulent altar of Gozag.
  2947 | D:3      | Noticed Ijyb
  2965 | D:3      | Killed Ijyb
  2965 | D:3      | Reached skill level 1 in Ice Magic
  3024 | D:3      | Noticed Tiareth's ghost (amateur DEWr)
  3052 | D:3      | Killed Tiareth's ghost
  3052 | D:3      | Reached XP level 7. HP: 29/36 MP: 12/12
  3383 | D:3      | Noticed Robin
  3470 | D:3      | HP: 1/36 [goblin/dagger[Robin] (3)]
  3471 | D:3      | Shot with a stone by a goblin

Skill      XL: |  1  2  3  4  5  6  7 |
---------------+----------------------+-----
Short Blades   | 2 3 4 |  4.0
Dodging        | 3 4 |  4.3
Stealth        | 5 |  5.9
Spellcasting   | 3 |  3.7
Hexes          | 4 |  4.2
Ice Magic      | 1 |  1.5

Action                   |  1- 3 |  4- 6 |  7- 9 || total
-------------------------+-------+-------+-------++-------
Melee: Dagger            |   183 |    46 |    88 ||   317
 Cast: Corona            |     3 |       |       ||     3
       Ensorcelled Hiber |    12 |    12 |     5 ||    29
  Use: Potion            |     6 |     3 |     1 ||    10
 Stab: Sleeping          |    11 |    10 |     2 ||    23
  Eat: Chunk             |    13 |     3 |     2 ||    18
Armor: Robe              |    41 |    13 |     8 ||    62
       Skin              |     3 |       |       ||     3
Dodge: Dodged            |   202 |    56 |   109 ||   367
